 Dungeon Crawl Stone Soup version 0.27-a0-13-g87abb2d9eb (webtiles) character file.

Game seed: 10558736139787984295

73 dickylongcocking the Stinger (level 4, -1/36 HPs)
             Began as a Naga Venom Mage on Jan 2, 2021.
             Slain by an orc (2 damage)
             ... on level 2 of the Dungeon.
             The game lasted 00:02:06 (2055 turns).

dickylongcocking the Stinger (Naga Venom Mage)      Turns: 2055, Time: 00:02:08

Health: -1/36      AC:  3    Str:  8 (10) XL:     4   Next: 27%
Magic:  4/8        EV: 10    Int: 14 (16) God:
Gold:   83         SH:  0    Dex: 10 (12) Spells: 3/8 levels left

rFire    . . .     SeeInvis +   k - +0 spear
rCold    . . .     Faith    .   (no shield)
rNeg     . . .     Spirit   .   a - +0 robe
rPois    +         Reflect  .   (no helmet)
rElec    .         Harm     .   (no cloak)
rCorr    .         Rampage  .   g - +0 pair of gloves
Will     .....                  (no barding)
Stlth    ++........             (no amulet)
HPRegen  0.12/turn              (no ring)
MPRegen  0.11/turn              (no ring)

@: very slow
A: large, see invisible, deformed body, poison resistance, slowness 2, spit
poison 1, AC +1
a: Spit Poison


You were on level 2 of the Dungeon.
You visited 1 branch of the dungeon, and saw 3 of its levels.

You collected 83 gold pieces.

Inventory:

Hand Weapons
 d - a +0 dagger
 k - a +0 spear (weapon)
Armour
 a - a +0 robe (worn)
 g - a +0 pair of gloves (worn)
Jewellery
 h - an uncursed ring of fire
 j - an uncursed ring of poison resistance
 o - an uncursed ring of fire
Scrolls
 b - a scroll of identify {unknown}
 c - a scroll of enchant weapon {unknown}
 e - 3 scrolls of teleportation {unknown}
 i - 3 scrolls of amnesia {unknown}
 m - a scroll of random uselessness {unknown}
Potions
 f - a potion of degeneration
 n - a potion of brilliance {unknown}


   Skills:
 + Level 0.5 Polearms
 + Level 1.8 Dodging
 + Level 3.4 Stealth
 + Level 2.7 Spellcasting
 + Level 1.6 Transmutations
 + Level 5.0 Poison Magic


You had 3 spell levels left.
You knew the following spells:

 Your Spells              Type           Power        Failure   Level
a - Sting                 Tmut/Pois      44%          5%          1
d - Olgreb's Toxic Radia  Pois           16%          26%         4

Your spell library contained the following spells:

 Spells                   Type           Power        Failure   Level
 Poisonous Vapours        Pois/Air       18%          12%         2
 Ignite Poison            Fire/Tmut/Pois 8%           26%         3
 Mephitic Cloud           Conj/Pois/Air  6%           32%         3


Dungeon Overview and Level Annotations

Branches:
Dungeon (3/15)

Altars:


Innate Abilities, Weirdness & Mutations

You cannot wear boots.
Your serpentine skin is tough. (AC +1)
You have supernaturally acute eyesight. (SInv)
Armour fits poorly on your strangely shaped body.
Your system is resistant to poisons. (rPois)
You cover ground very slowly.
You can spit poison.


Message History

The orc barely misses you. The orc hits you with a +0 mace!
The orc hits you with a +0 flail!
* * * LOW HITPOINT WARNING * * *
You climb upwards.
There is a stone staircase leading down here.
Unknown command.
Unknown command.
It was a potion of degeneration.
There was something very wrong with that liquid.
You feel weakened.
You feel dopey.
You feel clumsy. The orc hits you but does no damage.
It was a potion of cancellation.
You feel magically purged.
You kill the orc!
The orc hits you with a +0 mace.
* * * LOW HITPOINT WARNING * * *
The orc hits you.
* * * LOW HITPOINT WARNING * * *
You kill the orc!
The orc hits you.
You die...

#........#......#.## #...###†#
###.........###.#.# ###..##.#
#......#........## ##..#.#
#......#.##......#### ##...#
######.(÷..##.........# ###..#
...# ####.........###.###....#
...### #.........###.##..#..####
....†# ##......))........###.....
####.###..##...o@.##..#..# #.....
#...............#.....###†....
#######...#.#......)..##..##.....
#..(......#.########....#.##.....
#...........# ##.......#.....
#..........## #..##....######
#..........# ##..####........
###...###..# ###..#####.####...
....#####..#####.)..#..........##


You could see an orc (very poisoned).

Vanquished Creatures
  2 adders (D:2)
  3 oozes (D:2)
  A worm (D:2)
  A dart slug (D:1)
  A leopard gecko (D:1)
  3 orcs (D:2)
  4 giant cockroaches
  4 goblins
  2 hobgoblins
  A jackal (D:1)
  3 bats
  4 frilled lizards
  2 kobolds
  8 rats
39 creatures vanquished.

Notes
Turn   | Place    | Note
-------+----------+-------------------------------------------
     0 | D:1      | dickylongcocking the Naga Venom Mage began the quest for
                  | the Orb.
     0 | D:1      | Reached XP level 1. HP: 15/15 MP: 3/3
   194 | D:1      | You fall into a shaft and drop 1 floor!
   274 | D:2      | Reached XP level 2. HP: 18/22 MP: 0/5
  1039 | D:2      | Reached XP level 3. HP: 25/28 MP: 0/6
  1827 | D:2      | Reached skill level 5 in Poison Magic
  1827 | D:2      | Reached XP level 4. HP: 29/36 MP: 0/7
  2015 | D:2      | Learned a level 4 spell: Olgreb's Toxic Radiance
  2054 | D:2      | HP: 1/36 [orc (2)]
  2055 | D:2      | Slain by an orc

Illustrated notes

Levels and vault maps discovered:
D:1:      lightli_arrival_noodles, layout_loops_ring, minmay_misc_feat_hallway,
          minmay_tromino_v4_c
D:2:      layout_rooms
D:3:      layout_rooms, minmay_three_crescents, uniq_sigmund

Skill      XL: |  1  2  3 |
---------------+----------+-----
Poison Magic   | 5 |  5.0
Polearms       | |  0.5
Dodging        | |  1.8
Stealth        | |  3.4
Spellcasting   | |  2.7
Transmutations | |  1.6

Action                   |  1- 3 |  4- 6 || total
-------------------------+-------+-------++-------
Melee: Dagger            |    14 |       ||    14
       Spear             |    14 |     5 ||    19
 Cast: Sting             |    61 |     7 ||    68
       Olgreb's Toxic Ra |       |     1 ||     1
 Abil: Spit Poison       |    10 |       ||    10
  Use: Potion            |       |     2 ||     2
Armor: Robe              |    23 |     2 ||    25
Dodge: Dodged            |    41 |    14 ||    55

Table legend: (Time is in decaauts)
 A = Elapsed time spent in this place.
 B = Non-inter-level travel time spent in this place.
 C = Inter-level travel time spent in this place.
 D = Time resting spent in this place.
 E = Time spent auto-exploring this place.
 F = Levels seen in this place.
 G = Mean time per level.
                   A        B        C        D        E       F      G
               +--------+--------+--------+--------+--------+-----+--------+
         Total |   2445 |   2411 |     34 |     32 |   2046 |   3 |  815.0 |
       Dungeon |   2445 |   2411 |     34 |     32 |   2046 |   3 |  815.0 |
               +--------+--------+--------+--------+--------+-----+--------+

Top non-repeatable levels by time:
     D:2: 1250 daAuts
     D:1: 1189 daAuts
     D:3: 5 daAuts
